 Dungeon Crawl Stone Soup version 0.29.1-12-g30fa7ad0bf (webtiles) character file.

Game seed: 9381284265934644252

92 wormed the Cutter (level 4, 0/29 HPs)
             Began as a Kobold Monk on Dec 22, 2022.
             Slain by a gnoll
             ... wielding a +0 club
              (7 damage)
             ... on level 3 of the Dungeon.
             The game lasted 00:03:00 (3194 turns).

wormed the Cutter (Kobold Monk)                     Turns: 3194, Time: 00:03:01

Health: 0/29       AC:  6    Str:  8    XL:     4   Next: 90%
Magic:  4/4        EV: 16    Int: 11    God:
Gold:   123        SH:  0    Dex: 19    Spells: 3/3 levels left

rFire   . . .      SeeInvis .   d - +0 dagger
rCold   . . .      Faith    .   (no shield)
rNeg    . . .      Spirit   .   j - +0 leather armour
rPois   .          Reflect  .   (no helmet)
rElec   .          Harm     .   g - +2 cloak
rCorr   .          Rampage  .   (no gloves)
Will    .....                   (no boots)
Stlth   ++........              (no amulet)
HPRegen 0.09/turn               (no ring)
MPRegen 0.09/turn               (no ring)

@: confused, ambrosia-drunk
A: small, no large weapons, nightstalker 3
a: no special abilities


You were on level 3 of the Dungeon.
You visited 1 branch of the dungeon, and saw 3 of its levels.

You collected 123 gold pieces.

Inventory:

Hand Weapons
 a - a +0 short sword
 d - a +0 dagger (weapon)
Armour
 g - a +2 cloak (worn)
 j - a +0 leather armour (worn)
Scrolls
 b - a scroll of enchant weapon {unknown}
 e - 2 scrolls of poison {unknown}
 f - 2 scrolls of enchant armour {unknown}
 m - a scroll of teleportation {unknown}
Potions
 h - a potion of curing {unknown}
 i - a potion of cancellation {unknown}
 k - 2 potions of attraction {unknown}
 l - a potion of mutation {unknown}
 n - a potion of heal wounds {unknown}


   Skills:
 + Level 4.0 Fighting
 + Level 4.9 Short Blades
 + Level 4.4 Dodging
 + Level 4.1 Stealth


You had 3 spell levels left.
You didn't know any spells.
Your spell library contained the following spells:

 Spells                   Type           Power      Damage    Failure   Level
 Static Discharge         Conj/Air       0%         3-3/arc   61%         2
 Lightning Bolt           Conj/Air       0%         1d11      100%        5
 Maxwell's Capacitive Co  Air            0%         ∞         100%        8


Dungeon Overview and Level Annotations

Branches:
Dungeon (3/15)

Altars:
Makhleb
Nemelex Xobeh


Innate Abilities, Weirdness & Mutations

You are small and have problems with some larger weapons.
You are completely attuned to the shadows.


Message History

The gnoll is heavily wounded.
You hit the gnoll.
The gnoll is heavily wounded.
The gnoll hits you with a +2 whip of pain.
You barely miss the gnoll.
The gnoll is heavily wounded.
The gnoll hits you with a +2 whip of pain.
You writhe in agony.
You hit the gnoll.
The gnoll is almost dead.
The gnoll hits you with a +2 whip of pain.
You writhe in agony.
You barely miss the gnoll.
The gnoll is almost dead.
The gnoll completely misses you.
You hit the gnoll.
The gnoll is almost dead.
You hit the gnoll.
You kill the gnoll!
Your Fighting skill increases to level 4!
No target in view!
No target in view!
No target in view!
No target in view!
No target in view! 2 gnolls come into view.
Found 3 scrolls labelled SENIOC RETYZ.
You see here a +2 whip of pain.
You hit the gnoll but do no damage.
The gnoll shouts!
You hear a shout!
The gnoll hits you with a +0 club!
* * * LOW HITPOINT WARNING * * *
The gnoll attacks as you move away! The gnoll hits you with a +0 club.
* * * LOW HITPOINT WARNING * * *
The gnoll attacks as you move away! The gnoll barely misses you.
You are confused.
You feel invigorated.
A gnoll comes into view. It is wielding a +0 club.
The gnoll hits you with a +0 club!
You die...

.............##########
.##....>.....##
####..........##### #
#####.##........
####.##... #.# .....
#.##..... #.$.#..##
###@....# #..g....#
)....g#... ..........
.......g.. #.....#..
#......?.


You could see 3 gnolls.

Vanquished Creatures
  A gnoll (D:3)
  5 adders (D:2)
  A dart slug (D:1)
  8 ball pythons
  3 bats
  4 endoplasms (D:1)
  2 giant cockroaches (D:2)
  A goblin (D:1)
  3 jackals (D:2)
  A quokka (D:2)
  A frilled lizard (D:2)
  2 kobolds (D:1)
  6 rats
  2 bushes (D:2)
40 creatures vanquished.

Notes
Turn   | Place    | Note
-------+----------+-------------------------------------------
     0 | D:1      | wormed the Kobold Monk began the quest for the Orb.
     0 | D:1      | Reached XP level 1. HP: 14/14 MP: 1/1
   135 | D:1      | Reached XP level 2. HP: 19/19 MP: 2/2
   747 | D:1      | Reached XP level 3. HP: 23/23 MP: 3/3
  1185 | D:2      | Reached XP level 4. HP: 18/29 MP: 4/4
  1325 | D:2      | Found a faded altar of an unknown god.
  3097 | D:3      | Found a sparkling altar of Nemelex Xobeh.
  3097 | D:3      | Found a burning altar of Makhleb.
  3194 | D:3      | Slain by a gnoll

Illustrated notes

Levels and vault maps discovered:
D:1:      tarquinn_simple_flora_water_e, layout_rooms, st_stairs_6,
          chequers_serial_rivers_room_a, minivault_4, minmay_tromino_v7
D:2:      layout_rooms, serial_forest, infiniplex_forest_straight_2,
          infiniplex_forest_end_3, infiniplex_forest_clump_cross,
          infiniplex_forest_lined_3_way, infiniplex_forest_lined_room_2,
          nicolae_ecumenical_snake_handling
D:3:      layout_rooms, chequers_temple_overflow_statue_of_worship

Skill      XL: |  1  2  3  4 |
---------------+-------------+-----
Stealth        | 3 4 |  4.1
Dodging        | 4 |  4.4
Fighting       | 4 |  4.0
Short Blades   | |  4.9

Action                   |  1- 3 |  4- 6 || total
-------------------------+-------+-------++-------
Melee: Dagger            |    96 |   966 ||  1062
       Short sword       |     2 |       ||     2
       Punch             |     1 |    12 ||    13
  Use: Potion            |       |     1 ||     1
 Stab: Sleeping          |    12 |     8 ||    20
Armor: Robe              |     8 |       ||     8
       Leather armour    |     9 |     2 ||    11
Dodge: Dodged            |    73 |     7 ||    80
